AoeStats
← ceu

Hill Fort

506502385Analyzed
3v3 RM · 17d ago on Sep 13, 2026· 92m 10s· 6 players
Game mode
Random Map
Map size
Normal (6 player)
Population
200
Speed
Normal
Resources
Standard
Victory
Conquest
Starting age
Dark Age
Ending age
Imperial Age
RankedLock teamsTeams togetherTeam positionsShared explorationLock speedFull tech treeHidden civsTurbo modeCheats
Victory
Defeat
🇬🇧 Spanish · United Kingdom
887
+13
🇨🇿 Chinese · Czechia
813
+16
🇬🇧 Franks · United Kingdom
777
+17
🇩🇪 Turks · Germany
902
-19
🇩🇪 Vietnamese · Germany
782
-14
🇮🇹 Byzantines · Italy
753
-13
flavioroma88
2:12 Loom
11:42 Feudal Age
12:17 Horse Collar
12:27 Double-Bit Axe
14:16 Wheelbarrow
18:52 Stone Mining
20:20 Gold Mining
21:37 Forging
23:42 Castle Age
24:55 Hand Cart
25:20 Bow Saw
25:15 Heavy Plow
32:09 Scale Barding Armor
38:57 Imperial Age
37:08 Stone Shaft Mining
40:15 Ballistics
41:10 Two-Man Saw
42:48 Fletching
45:22 Crop Rotation
44:57 Husbandry
45:01 Padded Archer Armor
44:58 Bodkin Arrow
45:49 Elite Rattan Archer
46:58 Chain Barding Armor
48:24 Plate Barding Armor
48:53 Chatras
51:09 Chemistry
51:17 Iron Casting
51:00 Leather Archer Armor
54:11 Elite Battle Elephant
55:53 Ring Archer Armor
55:24 Bracer
56:52 Scale Mail Armor
61:49 Caravan
ceu
0:34 Loom
2:50 Loom
4:37 Loom
5:00 Loom
12:12 Feudal Age
14:00 Wheelbarrow
13:09 Horse Collar
13:17 Double-Bit Axe
13:52 Gold Mining
15:08 Stone Mining
22:26 Castle Age
21:53 Fletching
22:16 Forging
22:07 Padded Archer Armor
22:12 Scale Barding Armor
23:40 Hand Cart
24:44 Caravan
25:03 Husbandry
25:54 Bloodlines
29:55 Chain Barding Armor
30:18 Iron Casting
29:41 Bodkin Arrow
29:40 Town Watch
34:45 Imperial Age
33:59 Masonry
33:47 Murder Holes
34:03 Fortified Wall
35:13 Treadmill Crane
35:58 Conscription
35:41 Artillery
35:58 Heavy Camel Rider
37:21 Plate Barding Armor
37:07 Bow Saw
38:55 Elite Janissary
40:49 Hoardings
40:52 Bracer
45:24 Leather Archer Armor
62:45 Blast Furnace
62:19 Ring Archer Armor
63:31 Heavy Plow
64:10 Ballistics
64:54 Blast Furnace
65:28 Two-Man Saw
65:37 Town Patrol
70:05 Architecture
Palmiro Togliatti
0:50 Loom
12:41 Feudal Age
17:34 Wheelbarrow
17:28 Double-Bit Axe
24:11 Castle Age
23:43 Gold Mining
23:44 Stone Mining
26:11 Hand Cart
27:30 Horse Collar
28:06 Bow Saw
30:40 Imperial Age
29:34 Caravan
33:07 Forging
32:48 Fletching
32:58 Padded Archer Armor
32:59 Scale Mail Armor
33:05 Scale Barding Armor
36:55 Conscription
36:47 Logistica
37:53 Squires
37:38 Arson
37:38 Gambesons
37:13 Pikeman
39:40 Pikeman
39:41 Man-at-Arms
40:27 Elite Cataphract
45:21 Two-Man Saw
45:19 Iron Casting
45:00 Chain Mail Armor
45:38 Husbandry
46:57 Chemistry
46:18 Ballistics
45:40 Treadmill Crane
50:47 Halberdier
50:48 Long Swordsman
53:13 Chain Barding Armor
53:25 Plate Mail Armor
54:16 Capped Ram
55:31 Two-Handed Swordsman
55:56 Siege Ram
57:24 Plate Barding Armor
56:45 Bodkin Arrow
57:05 Leather Archer Armor
59:59 Champion
63:33 Onager
64:54 Hoardings
64:20 Greek Fire
67:50 Ring Archer Armor
67:21 Bracer
73:27 Thumb Ring
havfunonline
3:26 Loom
15:06 Feudal Age
18:22 Double-Bit Axe
21:22 Castle Age
22:42 Double-Bit Axe
23:48 Husbandry
27:10 Wheelbarrow
26:55 Bow Saw
29:59 Wheelbarrow
30:45 Pikeman
32:31 Squires
32:17 Arson
34:41 Hand Cart
35:53 Scale Barding Armor
37:50 Caravan
42:07 Imperial Age
39:23 Town Watch
39:42 Scale Mail Armor
42:25 Chain Mail Armor
42:31 Chain Barding Armor
44:07 Conscription
45:06 Chemistry
44:27 Ballistics
44:38 Halberdier
45:51 Plate Mail Armor
46:33 Town Patrol
48:32 Elite Throwing Axeman
49:48 Cavalier
51:07 Plate Barding Armor
50:36 Padded Archer Armor
50:27 Fletching
50:56 Stone Mining
50:57 Gold Mining
51:39 Elite Skirmisher
54:42 Murder Holes
55:07 Siege Engineers
56:39 Bodkin Arrow
56:59 Leather Archer Armor
56:55 Forging
62:27 Iron Casting
62:06 Fortified Wall
62:07 Masonry
61:45 Arrowslits
65:07 Coinage
66:56 Blast Furnace
66:29 Architecture
66:55 #83
67:15 Hoardings
67:53 Banking
68:05 Paladin
82:45 Chivalry
90:15 Light Cavalry
JayMaxTay
11:56 Feudal Age
18:48 Castle Age
17:08 Double-Bit Axe
17:13 Horse Collar
18:28 Loom
19:56 Padded Archer Armor
20:08 Heavy Plow
20:51 Gold Mining
27:06 Leather Archer Armor
29:57 Ballistics
31:28 Pikeman
34:41 Imperial Age
35:36 Wheelbarrow
35:15 Bow Saw
35:57 Conscription
35:13 Halberdier
35:57 Scale Mail Armor
36:43 Forging
37:21 Chain Mail Armor
37:35 Caravan
39:17 Chemistry
39:36 Plate Mail Armor
40:10 Hand Cart
40:08 Elite Skirmisher
43:22 Iron Casting
45:23 Thumb Ring
45:52 Ring Archer Armor
46:42 Two-Man Saw
46:14 Fletching
49:15 Bodkin Arrow
51:24 Bracer
51:35 Squires
52:39 Supremacy
56:42 Town Watch
58:28 Elite Conquistador
59:44 Hoardings
59:30 Masonry
60:22 Blast Furnace
62:41 Bloodlines
62:28 Cavalier
63:17 Scale Barding Armor
63:42 Town Patrol
64:33 Coinage
63:32 Paladin
64:13 Husbandry
65:45 Banking
66:44 Architecture
71:00 Chain Barding Armor
84:01 Plate Barding Armor
85:19 Fervor
86:55 Redemption
Ziky
0:29 Loom
12:20 Feudal Age
13:44 Wheelbarrow
14:39 Double-Bit Axe
14:43 Horse Collar
15:25 Gold Mining
17:31 Stone Mining
23:06 Castle Age
21:55 Fletching
22:05 Padded Archer Armor
26:25 Hand Cart
26:29 Bow Saw
26:27 Heavy Plow
29:42 Masonry
29:43 Fortified Wall
29:54 Ballistics
29:35 Bodkin Arrow
29:56 Leather Archer Armor
30:12 Leather Archer Armor
30:37 Stone Shaft Mining
30:40 Gold Shaft Mining
34:23 Caravan
34:57 Murder Holes
35:36 Squires
35:22 Arson
34:57 Pikeman
36:55 Town Watch
39:59 Imperial Age
37:32 Great Wall
38:14 Elite Skirmisher
39:00 Thumb Ring
39:36 Forging
39:32 Scale Barding Armor
40:03 Elite Chu Ko Nu
40:45 Bracer
41:15 Ring Archer Armor
40:48 Town Patrol
40:46 Heavy Rocket Cart
41:45 Halberdier
43:03 Iron Casting
42:48 Chain Barding Armor
42:30 Husbandry
42:42 Bloodlines
43:45 Coinage
44:24 Two-Man Saw
43:59 Architecture
44:30 Chemistry
45:07 Rocketry
45:22 Cavalier
45:23 Light Cavalry
46:39 Plate Barding Armor
47:05 Blast Furnace
53:33 Crossbowman
55:04 Arbalester
Connection lost

Rejoining the realm…

Still unreachable

The connection could not be restored.

Session expired

The server has moved on; the page needs a fresh start.